 Dungeon Crawl Stone Soup version 0.19.4-8-ga85b6b9 (webtiles) character file.

128 empire the Shield-Bearer (level 4, -2/35 HPs)
             Began as a Mummy Fighter on Feb 10, 2017.
             Killed from afar by Natasha (9 damage)
             ... with a magic dart
             ... on level 4 of the Dungeon.
             The game lasted 00:04:32 (2022 turns).

empire the Shield-Bearer (Mummy Fighter)            Turns: 2022, Time: 00:04:34

Health: -2/35      AC: 12    Str: 18    XL:     4   Next: 86%
Magic:  4/4        EV:  7    Int:  7    God:
Gold:   155        SH: 10    Dex: 11    Spells: 0 memorised, 3 levels left

rFire  x . .     SeeInvis .     a - +1 flail
rCold  + . .     Gourm    .     b - +0 scale mail
rNeg   + + +     Faith    .     c - +1 shield
rPois  ∞         Spirit   .     f - +1 helmet
rElec  .         Reflect  .     (no cloak)
rCorr  .         Harm     .     (no gloves)
MR     .....                    e - +2 pair of boots
Stlth  ..........               (no amulet)
                                (no ring)
                                h - -2 ring of strength (curse)

@: about to teleport
A: no food or potions, fire vulnerability, cold resistance 1, negative energy
resistance 3, torment resistance, unbreathing
a: no special abilities


You were on level 4 of the Dungeon.
You were not hungry.

You visited 1 branch of the dungeon, and saw 4 of its levels.

You collected 155 gold pieces.

Inventory:

Hand Weapons
 a - a +1 flail (weapon)
Armour
 b - a +0 scale mail (worn)
 c - a +1 shield (worn)
 e - a +2 pair of boots (worn)
 f - a +1 helmet (worn)
 i - a cursed +0 chain mail
Jewellery
 h - a cursed -2 ring of strength (left hand)
Scrolls
 d - a scroll of teleportation


   Skills:
 - Level 3.0 Fighting
 - Level 3.0 Maces & Flails
 + Level 3.2 Armour
 + Level 3.2 Shields


You had 3 spell levels left.
You didn't know any spells.

Dungeon Overview and Level Annotations

Branches:
Dungeon (4/15)
 Temple: D:4-7

Altars:

Annotations:
D:3 Grinder; Paps's ghost, amateur GrFi
D:4 Natasha; empire's ghost, novice MiFi


Innate Abilities, Weirdness & Mutations

You do not eat or drink.
Your flesh is vulnerable to fire.
You are immune to poison.
Your flesh is cold resistant. (rC+)
You are immune to negative energy. (rN+++)
You are immune to unholy pain and torment.
You can survive without breathing.


Message History

The adder bites you but does no damage. You block the adder's attack.
Natasha hisses angrily.
You hit the adder.
The adder is heavily wounded.
The adder bites you but does no damage. Natasha casts a spell at you.
The magic dart hits you!
You closely miss the adder.
The adder is heavily wounded.
You block the adder's attack. x2
As you read the scroll of teleportation, it crumbles to dust.
You feel strangely unstable. Natasha barely misses you. The adder bites you.
* * * LOW HITPOINT WARNING * * *
You sock the adder!
You kill the adder!
Natasha stares at you and mumbles some strange words.
You resist with some effort.
Natasha stares at you and mumbles some strange words.
The magic dart hits you!
You die...

#.# ####(........*,*
*,* #.# #..######,,,*
*,* ,,*
####..#≈≈≈≈#,*,*****,*
*,*
#.....#≈≈≈≈#,,,,,,,,,*
*,*
#.##.)#≈.≈≈#,*,*******
*,* #,*#..#≈≈≈≈#,,,#
*,* #.###.'≈≈≈≈#,#.#
*,* #...[.######.).#
*,* ####..rrsr@....#**
*,* #...rW##h.....#
,,* #######*......#
*** *******...%.$#
*,,,,,,......#
*,*****#.....# *,*
*#.#### ***********,*
*.# ,,,,,,,,,,*,* *,*


You could see Natasha, empire's ghost, 2 river rats, a giant cockroach and 2
rats.

Vanquished Creatures
  A worker ant (D:4)
  6 adders
  2 worms
  A leopard gecko (D:2)
  A goblin (D:2)
  4 hobgoblins
  7 jackals (D:3)
  7 kobolds
  2 quokkas (D:2)
  5 bats
  3 frilled lizards (D:1)
  A leopard gecko skeleton (D:4)
  9 rats
49 creatures vanquished.

Notes
Turn   | Place    | Note
-------+----------+-------------------------------------------
     0 | D:1      | empire the Mummy Fighter began the quest for the Orb.
     0 | D:1      | Reached XP level 1. HP: 18/18 MP: 1/1
   616 | D:1      | Reached XP level 2. HP: 23/24 MP: 2/2
  1086 | D:2      | Reached XP level 3. HP: 20/29 MP: 3/3
  1106 | D:4      | Noticed Natasha
  1106 | D:4      | Noticed a phantom
  1194 | D:3      | Noticed Grinder
  1214 | D:3      | Paralysed by Grinder for 2 turns
  1524 | D:3      | Found a faded altar of an unknown god.
  1553 | D:3      | Reached XP level 4. HP: 35/35 MP: 4/4
  1638 | D:3      | Noticed Paps's ghost (amateur GrFi)
  1970 | D:4      | Noticed empire's ghost (novice MiFi)
  2022 | D:4      | Killed from afar by Natasha

Skill      XL: |  1  2  3  4 |
---------------+-------------+-----
Maces & Flails | 2 3 |  3.0
Shields        | 3 |  3.2
Armour         | 3 |  3.2
Fighting       | |  3.0

Action                   |  1- 3 |  4- 6 || total
-------------------------+-------+-------++-------
Melee: Flail             |   156 |    52 ||   208
  Use: Scroll            |     6 |     3 ||     9
Armor: Scale mail        |   106 |    22 ||   128
Dodge: Dodged            |    42 |    21 ||    63
Block: Shield            |   100 |    32 ||   132
